 Dungeon Crawl Stone Soup version 0.18-a0-1730-g73f0523 (webtiles) character file.

4911 4thArraOfDagon the Cleaver (level 10, -6/91 HPs)
             Began as a Hill Orc Berserker on Apr 10, 2016.
             Was a Believer of Trog.
             Killed from afar by a steam dragon (13 damage)
             ... with a ball of steam
             ... on level 10 of the Dungeon.
             The game lasted 00:15:28 (2339 turns).

4thArraOfDagon the Cleaver (Hill Orc Berserker)     Turns: 2339, Time: 00:15:29

Health: -6/91      AC: 10    Str: 24    XL:     10   Next: 51%
Magic:  11/11      EV: 10    Int:  7    God:    Trog [**....]
Gold:   359        SH:  0    Dex: 10    Spells: 0 memorised, 9 levels left

rFire  . . .     SeeInvis .     x - +1 war axe (venom)
rCold  . . .     Gourm    .     h - +0 scale mail
rNeg   + . .     Faith    .     (no shield)
rPois  .         Spirit   .     d - +0 helmet
rElec  .         Dismiss  .     y - +0 cloak
rCorr  +         Reflect  .     (no gloves)
SustAt .         Harm     .     (no boots)
MR     +....                    (no amulet)
Stlth  ..........               e - ring of positive energy
                                F - ring of resist corrosion

@: exhausted, slowed, studying Charms, very slow, somewhat resistant to hostile
enchantments, extremely unstealthy
A: deterioration 1, low mp 1, magic resistance 1, evolution 1, MP-powered wands
a: Berserk, Trog's Hand, Burn Spellbooks, Renounce Religion


You were on level 10 of the Dungeon.
You worshipped Trog.
Trog was pleased with you.
You were not hungry.

You visited 1 branch of the dungeon, and saw 10 of its levels.
You also visited: Ossuary and Bailey.

You collected 359 gold pieces.

Inventory:

Hand Weapons
 a - a +0 hand axe
 o - a +0 blowgun
 x - a +1 war axe of venom (weapon)
 z - a +0 battleaxe
Missiles
 p - 26 poisoned needles
Armour
 d - a +0 helmet (worn)
 h - a +0 scale mail (worn)
 y - a +0 cloak (worn)
 K - a troll hide
Rods
 u - a +0 rod of shadows (12/12)
   (You found it on level 4 of the Dungeon)
Jewellery
 e - a ring of positive energy (right hand)
 r - an uncursed ring of magical power
 E - an uncursed ring of teleportation
 F - a ring of resist corrosion (left hand)
Wands
 v - a wand of confusion (14/48)
 L - a wand of disintegration (14/24)
Scrolls
 g - 2 scrolls of random uselessness {unknown}
 i - a scroll of teleportation {unknown}
 j - a scroll of vulnerability {unknown}
 l - 6 scrolls of remove curse
 s - 2 scrolls of amnesia {unknown}
 A - a scroll of recharging {unknown}
 B - a scroll of enchant weapon {unknown}
Potions
 b - a potion of resistance {unknown}
 f - 2 potions of cure mutation
 q - a potion of haste
 t - 2 potions of flight {unknown}
 w - 2 potions of cancellation {unknown}
 D - a potion of lignification {unknown}
 H - a potion of agility {unknown}
 I - a potion of degeneration
Books
 G - a manual of Charms Trog disapproves of the use of such an item.
Miscellaneous
 C - a phantom mirror
 J - a sack of spiders
Comestibles
 c - 3 bread rations
 k - 13 fruits
 m - 3 beef jerkies
 n - 2 chunks of flesh


   Skills:
 + Level 9.5 Fighting
 * Level 13.6 Axes
 + Level 8.1 Armour
 - Level 1.5 Dodging
 * Level 3.7 Evocations


You had 9 spell levels left.
You didn't know any spells.

Dungeon Overview and Level Annotations

Branches:
Dungeon (10/15)              Lair (0/8) D:10
 Temple: D:4-7          Orc: D:9-12

Altars:
Dithmenos
Vehumet
Zin


Innate Abilities, Weirdness & Mutations

Your body sometimes deteriorates upon taking damage.
Your magical capacity is low (-10% MP).
You are resistant to hostile enchantments.
You evolve.
You expend magic power (3 MP) to strengthen your wands.


Message History

Unknown command.
Unknown command.
The steam dragon closely misses you. The steam dragon claws you.
* * * LOW HITPOINT WARNING * * *
Unknown command.
Unknown command.
Unknown command.
Drink which item? (? for menu, Esc to quit)
Okay, then.
The steam dragon barely misses you. The steam dragon claws you.
* * * LOW HITPOINT WARNING * * *
Unknown command.
Unknown command.
Unknown command.
You hit the steam dragon but do no damage.
The steam dragon looks even sicker.
The steam dragon is severely wounded.
The steam dragon breathes steam at you. The ball of steam hits you!
You die...

*,*#.##.#..##.# *,,...#.#(###.#
***#..#....##.# #..#.###.#.#
#...#* ##))#### *...* #.....#
##.,** ##.###.# #,#.###(####.####
******,#.(..†())@#...#
,,,,..).#########D##.# ****#,,,*
****#.#*,# ** *,*,* **,,,#.#*,*
,* *,*,***#......#*,*
,****,*,,,...>...>#*,* ********
,,⌠**,**,*##...>..#*,*****,,,,,,,
,,,**,**,* #......#*,,,,,,,,,,,,*
,,,**,**,**#.#.####*******,******


You could see a steam dragon.

Vanquished Creatures
  A hill giant (D:10)
  Pikel (D:8)
  2 orc knights (Bailey)
  2 trolls (D:9)
  Grinder (D:4)
  2 hungry ghosts
  2 orc warriors (Bailey)
  A wasp (D:10)
  A black bear (D:8)
  A phantom (D:8)
  3 ogres
  A big kobold (D:10)
  Blork the orc (D:4)
  An elf zombie (D:8)
  2 scorpions
  5 killer bees
  4 wights
  A howler monkey (D:10)
  2 crimson imps
  A human zombie (D:8)
  A wasp zombie (D:9)
  2 hounds
  An orc priest (D:7)
  5 iguanas
  2 orc wizards
  2 giant frog skeletons
  6 human skeletons (D:8)
  3 worker ants
  3 mummies (Ossuary)
  A gnoll (Bailey)
  4 adders
  A howler monkey skeleton (D:5)
  2 oozes
  6 adder zombies (Ossuary)
  2 adder skeletons
  A worm (D:6)
  2 dart slugs
  4 giant geckos
  13 orcs
  A ball python (D:3)
  A giant cockroach (D:3)
  4 goblins
  2 hobgoblins
  8 jackals
  A quokka (D:8)
  2 bats
  A giant gecko skeleton (D:4)
  2 goblin zombies (Ossuary)
  4 hobgoblin zombies (Ossuary)
  10 kobolds
  A kobold zombie (Ossuary)
  An orc skeleton (D:8)
  2 orc zombies (D:8)
  2 quokka zombies (Ossuary)
  3 rats
  3 rat zombies (Ossuary)
144 creatures vanquished.

Vanquished Creatures (others)
  A slave (D:8)
  A killer bee (D:8)
  3 fungi (D:10)
5 creatures vanquished.

Grand Total: 149 creatures vanquished

Notes
Turn   | Place    | Note
--------------------------------------------------------------
     0 | D:1      | 4thArraOfDagon the Hill Orc Berserker began the quest for the Orb.
     0 | D:1      | Reached XP level 1. HP: 19/19 MP: 1/1
   184 | D:3      | Reached XP level 2. HP: 23/27 MP: 2/2
   319 | D:3      | Reached XP level 3. HP: 26/33 MP: 3/3
   342 | D:4      | Reached ** piety under Trog
   342 | D:4      | Reached skill level 5 in Axes
   342 | D:4      | Reached XP level 4. HP: 40/40 MP: 4/4
   415 | D:4      | Found a radiant altar of Vehumet.
   451 | D:4      | Identified a +0 rod of shadows (12/12) (You found it on level 4 of the Dungeon)
   508 | D:4      | Noticed Blork the orc
   534 | D:4      | Killed Blork the orc
   534 | D:4      | Reached skill level 6 in Axes
   534 | D:4      | Reached XP level 5. HP: 44/47 MP: 5/5
   668 | D:4      | Found a glowing silver altar of Zin.
   678 | D:4      | nightmare d:4
   706 | D:4      | Noticed Grinder
   731 | D:4      | Killed Grinder
   731 | D:4      | Reached skill level 5 in Fighting
   731 | D:4      | Reached skill level 7 in Axes
   731 | D:4      | Reached XP level 6. HP: 34/56 MP: 6/6
   744 | D:5      | Entered Level 5 of the Dungeon
   759 | D:5      | Reached XP level 7. HP: 61/61 MP: 7/7
   806 | D:5      | Reached skill level 8 in Axes
  1064 | D:7      | Noticed a hungry ghost
  1165 | D:8      | Reached skill level 9 in Axes
  1187 | D:8      | HP: 2/63 [killer bee (6)]
  1194 | D:8      | Reached skill level 5 in Armour
  1194 | D:8      | Reached XP level 8. HP: 7/71 MP: 8/8
  1261 | D:8      | Noticed Pikel
  1268 | D:8      | Killed Pikel
  1268 | D:8      | Reached skill level 10 in Axes
  1276 | D:8      | Found a shadowy altar of Dithmenos.
  1447 | D:8      | Reached skill level 11 in Axes
  1447 | D:8      | Reached XP level 9. HP: 46/81 MP: 9/9
  1463 | D:8      | Found a sand-covered staircase.
  1473 | Ossuary  | Entered an ossuary
  1654 | D:9      | Noticed a troll
  1667 | D:9      | Killed a troll
  1741 | D:10     | Entered Level 10 of the Dungeon
  1759 | D:9      | Noticed a troll
  1770 | D:9      | Killed a troll
  1770 | D:9      | Reached skill level 12 in Axes
  1888 | D:10     | Noticed a hill giant
  1901 | D:10     | Killed a hill giant
  1914 | D:10     | Found a flagged portal.
  1933 | Bailey   | Entered a bailey
  1964 | Bailey   | Gained mutation: Your body sometimes deteriorates upon taking damage. [potion of mutation]
  1964 | Bailey   | Gained mutation: You expend magic power (3 MP) to strengthen your wands. [potion of mutation]
  1964 | Bailey   | Gained mutation: You evolve. [potion of mutation]
  1965 | Bailey   | Gained mutation: You are resistant to hostile enchantments. [potion of mutation]
  1965 | Bailey   | Gained mutation: Your magical capacity is low (-10% MP). [potion of mutation]
  1997 | Bailey   | Reached XP level 10. HP: 85/91 MP: 9/9
  2040 | Bailey   | Noticed an orc knight
  2040 | Bailey   | Noticed an orc knight
  2065 | Bailey   | Killed an orc knight
  2065 | Bailey   | Reached skill level 13 in Axes
  2084 | Bailey   | Killed an orc knight
  2127 | Bailey   | Found an iron altar of Okawaru.
  2339 | D:10     | Killed from afar by a steam dragon

Vault maps used:
D:1:      eino_arrival_cavern_c, minivault_19, minmay_misc_feat_doors,
          nemelex_xobeh_ov_fountains_minmay
D:2:      guppyfry_early_lair_pool
D:3:      first_bread
D:4:      nicolae_overflow_hidden_temple, zin_scriptorium,
          nemelex_dance_club_becter, uniq_blork_the_orc, uniq_grinder
D:6:      amethyst_overflow_temple_binary, basic_altar, minivault_24,
          uniq_duvessa
D:7:      lemuel_doored_altar, lightli_temple_of_fire,
          minmay_temple_entry_purple_smoke
D:8:      lemuel_round_altar, grunt_pakellas_basics, serial_shops,
          nicolae_shop_behind_doors, nicolae_ossuary_entry_catacombs, uniq_pikel
D:9:      david_nohive_1
D:10:     lemuel_ice_statue, david_lair_generic, enter_bailey_2
Ossuary:  ossuary_minmay_chase
Bailey:   bailey_axe_3, bailey

Skill      XL: |  1  2  3  4  5  6  7  8  9 10 |
---------------+-------------------------------+-----
Fighting       | 4 5 6 7 9 |  9.5
Axes           | 5 6 7 9 11 12 13 | 13.6
Armour         | 3 4 5 6 7 8 |  8.1
Evocations     | 3 |  3.7
Dodging        | |  1.5

Action                   |  1- 3 |  4- 6 |  7- 9 | 10-12 || total
-------------------------+-------+-------+-------+-------++-------
Melee: Hand axe          |    43 |    45 |     3 |       ||    91
       War axe           |       |       |   226 |    62 ||   288
Invok: Berserk           |     2 |     4 |     7 |     3 ||    16
       Trog's Hand       |       |     2 |     7 |     1 ||    10
Evoke: Wand              |       |       |       |     4 ||     4
  Use: Potion            |       |       |     7 |       ||     7
       Scroll            |       |       |     8 |       ||     8
  Eat: Chunk             |       |     5 |    12 |     9 ||    26
       Fruit             |       |       |     2 |       ||     2
       Pizza             |       |       |     1 |       ||     1
